 Dungeon Crawl Stone Soup version 0.32-a0-940-g8c197d95f1 (webtiles) character file.

Game seed: 1551674159624232627

87 DrunkBamboolord the Caller (level 4, -2/33 HPs)
             Began as a Human Summoner on Apr 16, 2024.
             Shot with an arrow by a centaur (10 damage)
             ... on level 3 of the Dungeon.
             The game lasted 00:07:25 (2596 turns).

DrunkBamboolord the Caller (Human Summoner)         Turns: 2596, Time: 00:07:25

Health: -2/33      AC:  2    Str:  8    XL:     4   Next: 51%
Magic:  7/7        EV: 11    Int: 18    God:
Gold:   33         SH:  0    Dex: 13    Spells: 2/8 levels left

rFire   . . .        d - +0 dagger
rCold   . . .        (no shield)
rNeg    . . .        a - +0 robe
rPois   .            (no helmet)
rElec   .            (no cloak)
rCorr   .            (no gloves)
SInv    .            (no boots)
Will    .....        (no amulet)
Stlth   ++           (no ring)
HPRegen 0.25/turn    (no ring)
MPRegen 0.10/turn

%: no passive effects
@: inugami summoned
A: explore regen
a: no special abilities


You were on level 3 of the Dungeon.
You visited 1 branch of the dungeon, and saw 3 of its levels.

You collected 121 gold pieces.
You spent 88 gold pieces at shops.

Inventory:

Hand Weapons
 d - a +0 dagger (weapon)
Missiles
 e - 19 stones
 i - 5 boomerangs
Armour
 a - a +0 robe (worn)
Jewellery
 o - a +4 ring of protection
 p - an amulet of faith
Scrolls
 g - 7 scrolls of identify {unknown}
 m - 2 scrolls of revelation {unknown}
 r - a scroll of amnesia {unknown}
Potions
 b - 2 potions of magic
 c - a potion of curing {unknown}
 f - a potion of enlightenment {unknown}
 h - 3 potions of haste {unknown}
 j - a potion of berserk rage {unknown}
 k - a potion of brilliance {unknown}
 l - 3 potions of lignification
 n - 2 potions of heal wounds
 q - a potion of degeneration {unknown}


   Skills:
 * Level 1.9 Fighting
 * Level 2.9 Dodging
 + Level 2.6 Stealth
 * Level 2.5 Spellcasting
 + Level 4.1 Summonings


You had 2 spell levels left.
You knew the following spells:

 Your Spells              Type           Power      Damage    Failure   Level
a - Summon Small Mammal   Summ           68%        N/A       3%          1
b - Call Imp              Summ           34%        N/A       4%          2
c - Call Canine Familiar  Summ           17%        N/A       10%         3

Your spell library contained the following spells:

 Spells                   Type           Power      Damage    Failure   Level
 Freeze                   Ice            8%         1d3       17%         1
 Frozen Ramparts          Ice            4%         1d1       45%         3
 Hailstorm                Conj/Ice       2%         3d5       45%         3
 Sigil of Binding         Hex            2%         N/A       45%         3
 Summon Blazeheart Golem  Fire/Summ      9%         N/A       58%         4
 Summon Lightning Spire   Summ/Air       9%         N/A       58%         4
 Dimensional Bullseye     Hex/Tloc       1%         N/A       86%         4


Dungeon Overview and Level Annotations

Branches:
Dungeon (3/15)

Altars:

Shops:
D:3 !:


Innate Abilities, Weirdness & Mutations

You regain HP and MP as you explore.


Message History

The stream of webbing hits your inugami but does no damage.
Your inugami is caught in a web!
Your inugami tears the web.
Your cerulean imp closely misses the ribbon worm.
Your inugami hits the ribbon worm. The ribbon worm bites your inugami.
Your cerulean imp hits the ribbon worm with a -3 spear.
Your inugami hits the ribbon worm.
The ribbon worm dies!
You swap places.
You swap places.
You swap places.
You see here a ribbon worm corpse.
A ball python comes into view.
The ball python hisses angrily.
You closely miss the ball python.
Your cerulean imp barely misses the ball python.
The ball python closely misses you. The ball python barely misses you.
You hit the ball python.
You kill the ball python!
Your cerulean imp disappears in a puff of smoke!
You start resting.
HP restored.
You start resting.
Magic restored.
A centaur comes into view.
Found a scroll labelled YFIB XIANKOONE.
A centaur is nearby!
A centaur is nearby!
You see here a scroll labelled YFIB XIANKOONE.
The centaur wields a +0 shortbow.
The centaur shoots an arrow.
The arrow hits you!
The centaur unwields a +0 shortbow.
The centaur hits you. The centaur kicks you.
You hit the centaur but do no damage. The centaur hits you.
* * * LOW HITPOINT WARNING * * *
The centaur barely misses you. The centaur closely misses you.
The centaur kicks you.
* * * LOW HITPOINT WARNING * * *
You swap places.
The centaur wields a +0 shortbow.
The centaur shoots an arrow.
The arrow closely misses your inugami. The arrow hits you!
You die...

#......# #.......
#......# #.......
#......# . #.....>.
#......#... ###.....
###.......... #.....
#.#.#..##... #.....
#...#?## #.....
#.####.###.# #.....
#........#@# #.....
######.#.#h#
#.###..... #.#.#c#
#......... #.#.#.#
########## #.#...#
#.###################
#.................†.#
###################.#
#.#


You could see a centaur (ally target) and a friendly inugami (summoned).

Vanquished Creatures
  An orc (D:3)
  3 ball pythons
  2 endoplasms
  A giant cockroach (D:2)
  A goblin (D:2)
  3 hobgoblins
  A quokka (D:2)
  5 bats
  A kobold (D:1)
  5 rats
23 creatures vanquished.

Vanquished Creatures (collateral kills)
  3 adders
  2 ribbon worms (D:3)
  A dart slug (D:1)
  A ball python (D:3)
  4 endoplasms
  2 goblins
  4 hobgoblins
  5 kobolds
  2 bats
  A frilled lizard (D:3)
  4 rats
29 creatures vanquished.

Grand Total: 52 creatures vanquished

Notes
Turn   | Place    | Note
-------+----------+-------------------------------------------
     0 | D:1      | DrunkBamboolord the Human Summoner began the quest for the
                  | Orb.
     0 | D:1      | Reached XP level 1. HP: 13/13 MP: 3/3
   303 | D:1      | Reached XP level 2. HP: 20/20 MP: 0/5
   886 | D:2      | Reached skill level 1 in Fighting
   901 | D:2      | Learned a level 2 spell: Call Imp
   964 | D:2      | Reached XP level 3. HP: 7/26 MP: 0/6
  1056 | D:2      | Learned a level 3 spell: Call Canine Familiar
  2088 | D:3      | Found Gujo's Distillery.
  2090 | D:3      | Reached XP level 4. HP: 33/33 MP: 7/7
  2109 | D:3      | Bought a potion of heal wounds for 55 gold pieces
  2109 | D:3      | Bought a potion of lignification for 33 gold pieces
  2151 | D:3      | Found Ruajiunki's Vocational Training.
  2589 | D:3      | Noticed a centaur
  2596 | D:3      | Shot with an arrow by a centaur

Illustrated notes

Levels and vault maps discovered:
D:1:      dpeg_arrival_round_a, layout_basic
D:2:      layout_basic, kennysheep_boxes
D:3:      layout_basic, serial_shops, nicolae_shop_industrial_runoff,
          nicolae_shop_vocational

Skill      XL: |  1  2 |
---------------+-------+-----
Fighting       | 1 |  1.9
Dodging        | |  2.9
Stealth        | |  2.6
Spellcasting   | |  2.5
Summonings     | |  4.1

Action                     |  1- 3 |  4- 6 || total
---------------------------+-------+-------++-------
  Melee: Dagger            |    63 |    30 ||    93
         Unarmed           |     4 |       ||     4
   Cast: Summon Small Mamm |    62 |     9 ||    71
         Call Imp          |       |     3 ||     3
         Call Canine Famil |       |     2 ||     2
   Stab: Distracted        |     2 |       ||     2
         Sleeping          |     1 |     1 ||     2
 Armour: Robe              |    55 |    37 ||    92
  Dodge: Dodged            |    52 |    32 ||    84

Table legend: (Time is in decaauts)
 A = Elapsed time spent in this place.
 B = Non-inter-level travel time spent in this place.
 C = Inter-level travel time spent in this place.
 D = Time resting spent in this place.
 E = Time spent auto-exploring this place.
 F = Levels seen in this place.
 G = Mean time per level.
                   A        B        C        D        E       F      G
               +--------+--------+--------+--------+--------+-----+--------+
         Total |   2596 |   2537 |     59 |    125 |   1834 |   3 |  865.3 |
       Dungeon |   2596 |   2537 |     59 |    125 |   1834 |   3 |  865.3 |
               +--------+--------+--------+--------+--------+-----+--------+

Top non-repeatable levels by time:
     D:2: 1225 daAuts
     D:1: 838 daAuts
     D:3: 531 daAuts
